 Dungeon Crawl Stone Soup version 0.22-a0-469-gf26638a71f (webtiles) character file.

12184 Oravi the Destroyer (level 11, -8/67 HPs)
             Began as a Tengu Air Elementalist on June 10, 2018.
             Was a Priest of Vehumet.
             Killed from afar by a gargoyle (15 damage)
             ... with a stone arrow
             ... on level 12 of the Dungeon on June 12, 2018.
             The game lasted 02:01:39 (19054 turns).

Oravi the Destroyer (Tengu Air Elementalist)       Turns: 19054, Time: 02:01:40

Health: -8/67      AC:  4    Str: 20    XL:     11   Next: 89%
Magic:  22/24      EV: 18    Int: 15    God:    Vehumet [***...]
Gold:   551        SH:  0    Dex: 18    Spells: 4/26 levels left

rFire    . . .     SeeInvis .   k - +3 short sword (venom)
rCold    . . .     Gourm    .   (no shield)
rNeg     . . .     Faith    .   D - +2 robe {MR+}
rPois    .         Spirit   .   (helmet restricted)
rElec    .         Reflect  .   (no cloak)
rCorr    .         Harm     .   (no gloves)
MR       +....                  (boots unavailable)
Stlth    +++.......             C - amulet of the acrobat
HPRegen  0.21/turn              n - +5 ring of strength
MPRegen  0.19/turn              x - +6 ring of strength

@: no status effects
A: beak, talons 3, able to fly 1
a: Fly, Renounce Religion


You were on level 12 of the Dungeon.
You worshipped Vehumet.
Vehumet was most pleased with you.
You were very hungry.

You visited 2 branches of the dungeon, and saw 13 of its levels.

You collected 551 gold pieces.

Inventory:

Hand Weapons
 k - a +3 short sword of venom (weapon)
 A - a +2 whip of freezing
 S - a +0 war axe of pain
Missiles
 d - 360 stones
 f - 6 tomahawks (quivered)
 L - 2 throwing nets
 P - 28 poisoned needles
 V - 4 curare-tipped needles
 Y - 10 javelins
Armour
 D - a +2 robe of magic resistance (worn)
 R - a +0 troll leather armour
Jewellery
 b - an uncursed ring of ice
 m - an uncursed ring of wizardry
 n - a +5 ring of strength (left hand)
 x - a +6 ring of strength (right hand)
 y - an uncursed ring of poison resistance
 C - an amulet of the acrobat (around neck)
 G - a +2 ring of strength
 O - the ring of Wuac Toc {+Inv Str+2 Dex-2 Stlth+}
   (You found it on level 8 of the Dungeon)

   [ring of stealth]

   It affects your strength (+2).
   It affects your dexterity (-2).
   It lets you turn invisible.
   It makes you more stealthy.
 T - an uncursed ring of flight
 U - an uncursed ring of positive energy
Wands
 a - a wand of digging (24)
 v - a wand of random effects (10)
 F - a wand of polymorph (11)
 Q - a wand of enslavement (12)
 W - a wand of paralysis (17)
Scrolls
 g - 4 scrolls of remove curse
 q - a scroll of magic mapping
 r - 5 scrolls of enchant weapon
 s - 3 scrolls of teleportation
 t - 3 scrolls of enchant armour
 w - a scroll of immolation {unknown}
 z - a scroll of fog
 H - a scroll of summoning {unknown}
 I - a scroll of brand weapon {unknown}
 M - a scroll of amnesia {unknown}
 Z - a scroll of identify
Potions
 e - 3 potions of haste
 h - 3 potions of curing
 i - a potion of lignification {unknown}
 j - 4 potions of mutation {unknown}
 l - a potion of brilliance {unknown}
 o - a potion of flight {unknown}
 p - 2 potions of degeneration {unknown}
 u - a potion of cancellation {unknown}
 B - a potion of berserk rage {unknown}
 E - a potion of heal wounds {unknown}
 J - a potion of magic {unknown}
 K - 3 potions of invisibility {unknown}
 N - a potion of ambrosia {unknown}
Comestibles
 c - 16 rations


   Skills:
 - Level 7.0 Fighting
 - Level 5.3 Armour
 - Level 8.1 Dodging
 - Level 4.0 Stealth
 + Level 8.2 Spellcasting
 + Level 10.7 Conjurations
 + Level 2.1 Fire Magic
 + Level 10.6 Air Magic
 + Level 2.4 Poison Magic


You had 4 spell levels left.
You knew the following spells:

 Your Spells              Type           Power        Failure   Level  Hunger
a - Shock                 Conj/Air       ####         1%          1    None
b - Swiftness             Chrm/Air       ###.....     1%          2    None
c - Static Discharge      Conj/Air       #####...     1%          3    ##.....
d - Airstrike             Air            #####.....   1%          4    ####...
e - Lightning Bolt        Conj/Air       #####.....   1%          5    #####..
f - Mephitic Cloud        Conj/Pois/Air  ####....     1%          3    ##.....
g - Sticky Flame          Conj/Fire      ####....     2%          4    ####...

Your spell library contained the following spells:

 Spells                   Type           Power        Failure   Level  Hunger
 Fireball                 Conj/Fire      ####......   7%          5    #####..
 Conjure Flame            Conj/Fire      ####....     1%          3    ##.....
 Throw Flame              Conj/Fire      ####..       1%          2    None
 Flame Tongue             Conj/Fire      ####.        1%          1    None
 Inner Flame              Hex/Fire       #.......     6%          3    ##.....


Dungeon Overview and Level Annotations

Branches:
Dungeon (12/15)            Temple (1/1) D:6            Lair (0/6) D:8
    Orc (0/2) D:12

Altars:
Ashenzari
Cheibriados
Dithmenos
Elyvilon
Fedhas
Gozag
Hepliaklqana
Kikubaaqudgha
Makhleb
Nemelex Xobeh
Okawaru
Qazlal
Ru
Sif Muna
Trog
Uskayaw
Vehumet
Wu Jian
Xom
Yredelemnul
Zin
The Shining One
Beogh

Shops:
D:8 :

Annotations:
D:2 2 transporters
D:3 brujo666's ghost, amateur OgHu
D:4 Foic's ghost, amateur HOFi
D:6 Menkaure
D:7 exclusion: centaur
D:8 2 transporters
D:9 exclusion: cyclops
D:10 Urug
D:12 exclusion: 4 doors


Innate Abilities, Weirdness & Mutations

You have a beak for a mouth.
You have claws for feet.
You can fly.


Message History

The gargoyle is severely damaged.
The gargoyle closely misses you.
You hit the gargoyle but do no damage. Your kick misses the gargoyle.
You peck the gargoyle, but do no damage.
The gargoyle is severely damaged.
The gargoyle hurls a stone arrow at you.
The stone arrow hits you!
You are too injured to fight recklessly!
The gargoyle hurls a stone arrow at you.
The stone arrow misses you.
The gargoyle hurls a stone arrow at you.
The stone arrow hits you!
* * * LOW HITPOINT WARNING * * *
The gargoyle hurls a stone arrow at you.
The stone arrow hits you!
* * * LOW HITPOINT WARNING * * *
You feel better.
The gargoyle hurls a stone arrow at you.
The stone arrow hits you!
You die...

......#....#......#.. #........
......#....#......#... ##.......
......#....#......#.... #.######
......'....#......#..... #.#....#
......#....#......#...y..#.#....#
......######......+.yyy..+.'....#
####..>...........#y..y..#.#.....
#..............####+###.######
#........9...@................
#......#'#############........
#......#.............#........
####......#............>#........
...((.....######........#######..
...............#..............#..
...............#..............#..
#..............#..#######.....#..
#..............#..# #.....#..


You could see a gargoyle.

Vanquished Creatures
  A two-headed ogre (D:10)
  An unseen horror (D:10)
  Pikel (D:4)
  An ugly thing (D:10)
  A manticore (D:12)
  A hornet (D:9)
  4 trolls
  Grinder (D:4)
  Prince Ribbit (D:6)
  2 hippogriffs
  10 yaks
  A wyvern (D:10)
  A hungry ghost (D:11)
  4 vampire mosquitoes
  A slave (D:4)
  3 porcupines (D:8)
  A necrophage (D:9)
  A sky beast (D:10)
  6 ice beasts
  9 orc warriors
  An eye of draining (D:10)
  2 phantoms
  3 black bears
  8 ogres
  3 bullfrogs
  Blork the orc (D:5)
  6 scorpions
  6 wights
  6 howler monkeys
  5 crimson imps
  4 hounds
  A centaur zombie (D:10)
  2 jellies
  4 orc wizards
  8 orc priests
  3 bullfrog skeletons
  A gnoll shaman (D:6)
  2 iguanas
  11 worker ants
  5 hound skeletons
  A worker ant zombie (D:5)
  11 gnolls
  12 adders
  3 shadow imps
  4 oozes
  2 adder zombies
  A worm (D:2)
  3 dart slugs
  4 leopard geckos
  47 orcs
  5 giant cockroaches
  12 goblins
  2 hobgoblins
  8 jackals
  11 kobolds
  5 quokkas
  A ball python skeleton (D:4)
  5 bats
  8 frilled lizards
  A jackal skeleton (D:8)
  3 leopard gecko skeletons
  9 rats
291 creatures vanquished.

Vanquished Creatures (others)
  A hippogriff (D:12)
  A slave (D:4)
  6 fungi (D:8)
  A plant (D:8)
9 creatures vanquished.

Grand Total: 300 creatures vanquished

Notes
Turn   | Place    | Note
-------+----------+-------------------------------------------
     0 | D:1      | Oravi the Tengu Air Elementalist began the quest for the Orb.
     0 | D:1      | Reached XP level 1. HP: 10/10 MP: 4/4
   188 | D:1      | Reached XP level 2. HP: 15/15 MP: 0/6
   383 | D:1      | Upgraded the game from 0.22-a0-467-g5c5de1cb09 to 0.22-a0-469-gf26638a71f
   763 | D:1      | Reached XP level 3. HP: 19/19 MP: 3/7
   767 | D:1      | Learned a level 2 spell: Swiftness
   771 | D:1      | Learned a level 3 spell: Static Discharge
  1753 | D:2      | Reached XP level 4. HP: 19/24 MP: 1/9
  1904 | D:2      | Found an ornate altar of the Wu Jian Council.
  1909 | D:2      | Reached skill level 5 in Air Magic
  2054 | D:2      | Found a transporter.
  2054 | D:2      | Noticed a big kobold
  2055 | D:2      | Noticed a big kobold
  2067 | D:2      | Found a transporter.
  2702 | D:3      | Noticed brujo666's ghost (amateur OgHu)
  2850 | D:3      | Gained mutation: You can fly. [Tengu growth]
  2850 | D:3      | Reached XP level 5. HP: 28/28 MP: 7/10
  2856 | D:3      | Learned a level 4 spell: Airstrike
  3384 | D:4      | Reached skill level 1 in Fighting
  4110 | D:4      | Noticed Foic's ghost (amateur HOFi)
  4185 | D:4      | Reached XP level 6. HP: 30/35 MP: 3/11
  5455 | D:4      | Reached XP level 7. HP: 42/42 MP: 7/12
  5480 | D:4      | Noticed Grinder
  5485 | D:4      | Noticed Pikel
  5737 | D:4      | Killed Pikel
  5737 | D:4      | Reached skill level 5 in Fighting
  5737 | D:4      | Reached XP level 8. HP: 27/50 MP: 10/13
  5962 | D:4      | Paralysed by Grinder for 5 turns
  5968 | D:4      | Killed Grinder
  6201 | D:5      | Entered Level 5 of the Dungeon
  6452 | D:5      | Noticed Blork the orc
  6827 | D:5      | Killed Blork the orc
  7592 | D:5      | Reached XP level 9. HP: 50/56 MP: 14/14
  7853 | D:6      | Noticed Prince Ribbit
  8103 | D:6      | Found a staircase to the Ecumenical Temple.
  8109 | Temple   | Entered the Ecumenical Temple
  8141 | Temple   | Became a worshipper of Vehumet
  8353 | D:6      | Noticed Menkaure
  8415 | D:6      | Killed Prince Ribbit
  8621 | D:6      | Found a sparkling altar of Nemelex Xobeh.
  9643 | D:7      | Reached skill level 5 in Conjurations
  9691 | D:7      | Learned a level 5 spell: Lightning Bolt
 11004 | D:8      | Found a transporter.
 11016 | D:8      | Found a transporter.
 11034 | D:8      | Got a sparkling jade ring
 11129 | D:8      | Found a bloodstained altar of Trog.
 11129 | D:8      | Found Jacatare's Book Boutique.
 11167 | D:8      | Noticed a skeletal warrior
 11168 | D:8      | Found a basalt altar of Yredelemnul.
 11170 | D:8      | Noticed a death knight
 11172 | D:8      | Found an ancient bone altar of Kikubaaqudgha.
 11438 | D:8      | Reached skill level 5 in Spellcasting
 11543 | D:8      | Found a staircase to the Lair.
 11607 | D:8      | Reached XP level 10. HP: 51/61 MP: 9/18
 11728 | D:8      | Reached * piety under Vehumet
 11728 | D:8      | Offered knowledge of Magic Dart by Vehumet.
 12848 | D:9      | Paralysed by a hornet for 1 turns
 13170 | D:9      | Noticed a cyclops
 13208 | D:9      | Reached skill level 10 in Air Magic
 13716 | D:10     | Entered Level 10 of the Dungeon
 14095 | D:9      | Identified the ring of Wuac Toc {+Inv Str+2 Dex-2 Stlth+} (You found it on level 8 of the Dungeon)
 14494 | D:10     | Found a shadowy altar of Dithmenos.
 14521 | D:10     | Killed an unseen horror
 14521 | D:10     | Reached skill level 10 in Conjurations
 14521 | D:10     | Reached XP level 11. HP: 26/66 MP: 11/22
 14821 | D:10     | Noticed a two-headed ogre
 15128 | D:10     | Offered knowledge of Throw Flame by Vehumet.
 15264 | D:10     | Noticed Urug
 15643 | D:10     | Killed a two-headed ogre
 15665 | D:10     | Reached ** piety under Vehumet
 16039 | D:11     | Noticed a purple ugly thing
 16050 | D:10     | Killed a purple ugly thing
 16528 | D:11     | Found a roughly hewn altar of Beogh.
 16585 | D:11     | Reached skill level 5 in Armour
 17114 | D:11     | Offered knowledge of Mephitic Cloud by Vehumet.
 17119 | D:11     | Learned a level 3 spell: Mephitic Cloud
 17518 | D:12     | Noticed a manticore
 17604 | D:12     | Found a staircase to the Orcish Mines.
 17621 | D:12     | Reached *** piety under Vehumet
 17975 | D:12     | Reached skill level 1 in Poison Magic
 18124 | D:12     | Learned a level 4 spell: Sticky Flame
 18520 | D:12     | Reached skill level 1 in Fire Magic
 18747 | D:12     | Killed a manticore
 19053 | D:12     | HP: 1/67 [gargoyle/stone arrow (14)]
 19054 | D:12     | Killed from afar by a gargoyle

Vault maps used:
D:1:      minmay_arrival_nine_rooms
D:2:      gammafunk_temple_overflow_arena
D:4:      first_ration, uniq_grinder, uniq_pikel
D:5:      uniq_blork_the_orc
D:6:      black_bear_nest_1, minmay_temple_entry_overgrown,
          nemelex_spade_bored_becter, uniq_menkaure, uniq_prince_ribbit1
D:7:      grunt_ogre_cave
D:8:      overflow_temple_1_default, gammafunk_temple_of_torment,
          grunt_lair_entry_orc_guard_hut, serial_shops, shop_fountains
D:9:      grunt_decor_arrowhead
D:10:     nicolae_dithmenos_through_a_glass_darkly, uniq_urug
D:12:     orc_0_dummy
Temple:   compressed_dpeg_circular_temple

Skill      XL: |  1  2  3  4  5  6  7  8  9 10 11 |
---------------+----------------------------------+-----
Conjurations   | 2 3 7 10 | 10.7
Air Magic      | 5 7 10 | 10.6
Spellcasting   | 3 5 6 8 |  8.2
Fighting       | 2 3 5 6 7 |  7.0
Dodging        | 3 4 6 7 8 |  8.1
Stealth        | 3 4 |  4.0
Armour         | 2 5 |  5.3
Poison Magic   | 2 |  2.4
Fire Magic     | 2 |  2.1

Action                   |  1- 3 |  4- 6 |  7- 9 | 10-12 || total
-------------------------+-------+-------+-------+-------++-------
Melee: Unarmed           |    13 |       |       |       ||    13
       Kick              |     1 |     4 |    40 |    37 ||    82
       Peck              |     1 |     4 |    22 |    31 ||    58
       Spear             |       |     5 |       |       ||     5
       Short sword       |       |     8 |   102 |    99 ||   209
Throw: Stone             |     1 |       |    35 |    16 ||    52
       Tomahawk          |       |       |    67 |    37 ||   104
 Cast: Shock             |    79 |   162 |   223 |   253 ||   717
       Static Discharge  |       |     8 |    28 |    28 ||    64
       Lightning Bolt    |       |       |       |    45 ||    45
       Airstrike         |       |       |       |    11 ||    11
       Swiftness         |       |       |       |     2 ||     2
       Sticky Flame      |       |       |       |     4 ||     4
  Use: Scroll            |       |     2 |     7 |     5 ||    14
       Potion            |       |       |     3 |     2 ||     5
  Eat: Chunk             |     3 |    13 |    12 |    37 ||    65
       Ration            |       |       |     3 |     1 ||     4
Armor: Robe              |     3 |     6 |     4 |    24 ||    37
Dodge: Dodged            |    19 |    29 |   105 |   133 ||   286

Table legend:
 A = Spawn XP
 B = Non-spawn XP
 C = Spawn XP percentage of total XP
 D = Spawn monster count
 E = Non-spawn monster count
 F = Spawn count percentage of total count
 G = Total turns spent on level
                    A         B        C        D         E        F      G
               +---------+---------+-------+---------+---------+-------+---------
         Total |       0 |   17407 |   0.0 |       0 |     291 |   0.0 | 19054
               +---------+---------+-------+---------+---------+-------+---------
           D:1 |       0 |      37 |   0.0 |       0 |      20 |   0.0 |  1350
           D:2 |       0 |     108 |   0.0 |       0 |      27 |   0.0 |  1254
           D:3 |       0 |      67 |   0.0 |       0 |      25 |   0.0 |  1514
           D:4 |       0 |    1352 |   0.0 |       0 |      25 |   0.0 |  2083
           D:5 |       0 |     832 |   0.0 |       0 |      30 |   0.0 |  1862
           D:6 |       0 |     782 |   0.0 |       0 |      15 |   0.0 |  1330
           D:7 |       0 |     282 |   0.0 |       0 |       7 |   0.0 |   992
           D:8 |       0 |    1487 |   0.0 |       0 |      27 |   0.0 |  1481
           D:9 |       0 |    3110 |   0.0 |       0 |      25 |   0.0 |  2197
          D:10 |       0 |    3969 |   0.0 |       0 |      28 |   0.0 |  2091
          D:11 |       0 |    1463 |   0.0 |       0 |      34 |   0.0 |  1273
          D:12 |       0 |    3918 |   0.0 |       0 |      28 |   0.0 |  1535
               +---------+---------+-------+---------+---------+-------+---------
